 Dungeon Crawl Stone Soup version 0.28-a0-998-gb9e9c7b67e (webtiles) character file.

Game seed: 577565032961766032

14426 ytrimaz the Martial Artist (level 12, 0/90 HPs)
             Began as an Octopode Transmuter on Dec 5, 2021.
             Was the Champion of Jiyva.
             Slain by a sixfirhy (11 damage)
             ... in a Gauntlet.
             The game lasted 00:24:15 (10515 turns).

ytrimaz the Martial Artist (Octopode Transmuter)   Turns: 10515, Time: 00:24:16

Health: 0/90       AC: 12    Str: 11    XL:     12   Next: 16%
Magic:  34/34      EV: 17    Int: 19    God:    Jiyva [******]
Gold:   1264       SH:  0    Dex: 18    Spells: 21/29 levels left

rFire   . . .      SeeInvis .     - Unarmed
rCold   + + +      Faith    .   (shield currently unavailable)
rNeg    . . .      Spirit   .   x - amulet of magic regeneration
rPois   +          Reflect  .   e - +4 ring of evasion
rElec   .          Harm     .   b - ring of magical power
rCorr   +          Rampage  .   p - ring of protection from fire
Will    +....      NoTele   +   l - ring of Jesumell {Dex+6 Slay+2}
Stlth   ++........              q - ring of willpower
HPRegen 1.85/turn               t - +4 ring of protection
MPRegen 1.14/turn               (no ring)
                                (no ring)

@: ice-form
A: freezing attack, boosted hp, almost no armour, amphibious, 8 rings, large,
(camouflage 1), (gelatinous body 1), (nimble swimmer 1), (tentacles), (antennae
3), (tentacle spike 2), (poison resistance), (shaggy fur 3), (pseudopods 2),
(jelly absorbing missiles), (engulf)
a: End Transformation, Renounce Religion, Oozemancy, Slimify


You were in a Gauntlet.
You worshipped Jiyva.
Jiyva was exalted by your worship.
You were a creature of crystalline ice.
You visited 2 branches of the dungeon, and saw 14 of its levels.
You visited the Abyss 1 time.
You also visited: Bailey and Gauntlet.

You collected 1264 gold pieces.

Inventory:

Missiles
 m - a throwing net
Jewellery
 b - a ring of magical power (right front paw)
 e - a +4 ring of evasion (left front paw)
 l - the ring of Jesumell (on tentacle) {Dex+6 Slay+2}
   (You found it on level 10 of the Dungeon)

   [ring of dexterity]

   Dex:       It affects your dexterity (+6).
   Slay:      It affects your accuracy & damage with ranged weapons and melee
   (+2).
 p - a ring of protection from fire (on tentacle)
 q - a ring of willpower (on tentacle)
 t - a +4 ring of protection (on tentacle)
 x - an amulet of magic regeneration (around neck)
Wands
 a - a wand of flame (29)
 g - a wand of acid (12)
 i - a wand of iceblast (7)
 n - a wand of polymorph (7)
 w - a wand of digging (4)
Scrolls
 c - 2 scrolls of silence
 d - 2 scrolls of teleportation
 f - 2 scrolls of enchant armour
 h - 2 scrolls of fog
 k - 3 scrolls of amnesia
Potions
 j - a potion of curing
 o - 2 potions of brilliance
 r - 2 potions of haste
 s - 2 potions of magic
 u - a potion of invisibility
 v - 3 potions of cancellation
 z - a potion of resistance {unknown}


   Skills:
 * Level 4.6 Fighting
 + Level 6.5 Dodging
 + Level 11.4 Unarmed Combat
 * Level 9.2 Spellcasting
 - Level 9.0 Transmutations
 * Level 6.6 Poison Magic


You had 21 spell levels left.
You knew the following spells:

 Your Spells              Type           Power      Damage    Failure   Level
a - Beastly Appendage     Tmut           84%        N/A       1%          1
b - Spider Form           Tmut/Pois      38%        N/A       1%          3
c - Ice Form              Ice/Tmut       25%        N/A       13%         4

Your spell library contained the following spells:

 Spells                   Type           Power      Damage    Failure   Level
 Wereblood                Tmut           42%        N/A       1%          2
 Dazzling Flash           Conj/Hex       16%        N/A       24%         3
 Agony                    Necr           8%         N/A       92%         5
 Silence                  Hex/Air        4%         N/A       92%         5


Dungeon Overview and Level Annotations

Branches:
Dungeon (14/15)            Temple (1/1) D:5            Lair (0/6) D:9
    Orc (0/2) D:11         Bailey (visited)         Gauntlet (1/1)
 Vaults: D:13-14

Altars:
Ashenzari
Cheibriados
Dithmenos
Elyvilon
Fedhas
Gozag
Hepliaklqana
Kikubaaqudgha
Makhleb
Nemelex Xobeh
Okawaru
Qazlal
Ru
Sif Muna
Trog
Uskayaw
Vehumet
Wu Jian
Xom
Yredelemnul
Zin
The Shining One
Jiyva
Lugonu

Shops:
D:5 (   D:6 *

Portals:
Abyss: D:5

Annotations:
Gauntlet 16 transporters


Innate Abilities, Weirdness & Mutations

You are a creature of crystalline ice.
You have a powerful freezing melee attack.
Your maximum health is increased.
Your armour is entirely melded.
You are incapable of wielding weapons or throwing items.
You cannot wear most types of armour.
You are amphibious.
You can wear up to eight rings at the same time.
((Your skin changes colour to match your surroundings (Stealth+).))
((Your rubbery body absorbs attacks. (AC +1, EV +1)))
((You are camouflaged near water. (Stealth+)))
((You have tentacles for arms and can constrict up to eight enemies at once.))
((You have a pair of large antennae on your head. (SInv)))
((One of your tentacles bears a nasty spike.))
((Your system is resistant to poisons. (rPois)))
((Your thick and shaggy fur keeps you warm. (AC +3, rC+)))
((Armour fits poorly on your large pseudopods.))
((You have a small jelly attached to you that may absorb projectiles.))
((Your melee attacks may engulf your foes in ooze.))


Message History

You barely miss the sixfirhy.
The sixfirhy is lightly wounded.
The sixfirhy barely misses you. The sixfirhy hits you! The sixfirhy shocks you!
The sixfirhy misses you.
The ufetubus hits you but does no damage.
The ufetubus misses you. The ufetubus closely misses you.
The ufetubus completely misses you.
You barely miss the sixfirhy.
The ufetubus hits you but does no damage.
The ufetubus misses you. The ufetubus barely misses you.
The ufetubus misses you.
Unknown command.
Found a transporter.
You closely miss the ufetubus. The sixfirhy barely misses you.
The sixfirhy hits you. The sixfirhy shocks you!
Unknown command.
You miss the sixfirhy. The sixfirhy closely misses you. The sixfirhy hits you.
The sixfirhy shocks you!
* * * LOW HITPOINT WARNING * * *
The sixfirhy closely misses you.
Unknown command.
Okay, then.
The flying skull gives a hideous shriek! x2
You hear a hideous shriek! x2
The sixfirhy misses you.
You see here 3 silver boomerangs.
The sixfirhy hits you but does no damage.
The sixfirhy misses you. The sixfirhy hits you.
* * * LOW HITPOINT WARNING * * *
The sixfirhy shocks you!
* * * LOW HITPOINT WARNING * * *
There is a transporter here.
Unknown command.
You enter the transporter and appear at another place.
Unknown command.
Unknown command.
The sixfirhy hits you!
* * * LOW HITPOINT WARNING * * *
The sixfirhy shocks you!
You die...

##.##..#.#.##...##.#.#..#.#.#.!#.
##.##..#.#.#.....#.#.#.#.#.#.#.##
#.©w#..#.#5...©....#.#..#.©.#.©#©
##.##..#.#.#.....#.#.#.#.#.#.#!#.
## ##..#.#.##...##.#.#..#.#.#..#.
.. ..#w#.#..##.##..#.#.#.#.#.#.#.
......w#.#...5©55..#.#.........#.
################################.
8§≈#©.........©3Y.......©#≈≈8≈§#.
## #############################.
........©#§§≈≈8≈≈§§#©...........©
#################################
.#.#..z.z...z#.#.##.##.###.##....
.#.#.##...##z#.#.# .##.###.#.#...
.#.#.#.###.#.#.#......#..#.#..#..
##.#z.##.##..#.###.#..##©#.#...#©
.#.#z...©....#.##..##.##.#.#....#


You could see a sixfirhy, 2 flying skulls and 3 ufetubi.

Vanquished Creatures
  Harold (D:7)
  A hydra (D:12)
  3 two-headed ogres
  A skeletal warrior (D:12)
  Pikel (D:4)
  5 ugly things
  A cyclops (D:10)
  2 gargoyles
  Maggie (D:9)
  A freezing wraith (D:12)
  A troll (D:11)
  Grinder (D:5)
  Prince Ribbit (D:5)
  Sigmund (D:2)
  A vampire (D:11)
  2 yaks (D:9)
  A wraith (D:10)
  Eustachio (D:6)
  A wyvern (D:8)
  3 vampire mosquitoes (D:12)
  An acid dragon (D:11)
  A water moccasin (D:5)
  2 orc warriors
  A lemure (D:5)
  5 centaurs
  A phantom (D:5)
  2 kobold brigands
  2 bullfrogs
  A gnoll sergeant (D:6)
  A wyvern skeleton (D:7)
  8 killer bees
  A wight (D:6)
  2 electric eels (D:10)
  A howler monkey (D:5)
  A bullfrog zombie (D:6)
  A centaur zombie (D:9)
  Crazy Yiuf (D:5)
  5 orc priests
  2 hounds
  Terence (D:2)
  Jessica (D:3)
  A bullfrog skeleton (D:6)
  2 iguanas
  Natasha (twice) (D:4)
  5 orc wizards
  A howler monkey zombie (D:8)
  16 gnolls
  A howler monkey skeleton (D:4)
  3 adders
  A white imp (D:7)
  A worm (D:2)
  A dart slug (D:1)
  8 orcs
  2 giant cockroaches (D:1)
  3 goblins
  17 hobgoblins
  26 kobolds
  2 quokkas
  6 ball pythons
  A frilled lizard (D:1)
  2 rats (D:1)
172 creatures vanquished.

Vanquished Creatures (collateral kills)
  A boulder beetle (D:11)
  A two-headed ogre (D:8)
  A death knight (D:12)
  Psyche (D:9)
  2 yaks (D:9)
  An acid dragon (D:8)
  An orc warrior (D:6)
  A centaur (D:8)
  A kobold brigand (D:8)
  A wight (D:6)
  Ijyb (D:5)
  3 orcs
15 creatures vanquished.

Vanquished Creatures (others)
  A death knight (D:12)
  A komodo dragon (D:12)
  A slime creature (D:12)
  A wraith (D:12)
  A human (D:3)
  2 centaurs
  2 scorpions
  A water moccasin zombie (D:5)
  A killer bee (D:9)
  A wight (D:6)
  3 centaur zombies
  A bullfrog zombie (D:5)
  32 jellies
  2 orc priests
  4 orc wizards
  A howler monkey zombie (D:9)
  An adder (D:2)
  A dart slug (D:5)
  2 endoplasms (D:2)
  8 orcs
  2 goblins
  A hobgoblin (D:2)
  5 plants (D:14)
  4 starspawn tentacles (Abyss:1)
  14 withered plants (Gauntlet)
93 creatures vanquished.

Grand Total: 280 creatures vanquished

Notes
Turn   | Place    | Note
-------+----------+-------------------------------------------
     0 | D:1      | ytrimaz the Octopode Transmuter began the quest for the
                  | Orb.
     0 | D:1      | Reached XP level 1. HP: 13/13 MP: 3/3
    94 | D:1      | Found a faded altar of an unknown god.
   126 | D:1      | Prayed at the altar of an unknown god.
   126 | D:1      | Became a worshipper of Jiyva Joenkeu the Shapeless
   126 | D:1      | Reached * piety under Jiyva
   366 | D:1      | Reached XP level 2. HP: 12/18 MP: 5/5
   424 | D:1      | Reached ** piety under Jiyva
  1079 | D:2      | Noticed Sigmund
  1146 | D:2      | Reached *** piety under Jiyva
  1148 | D:2      | Gained mutation: You have a small jelly attached to you
                  | that may absorb projectiles. [Jiyva's grace]
  1148 | D:2      | Gained mutation: You have acidic saliva. [Jiyva's grace]
  1148 | D:2      | Gained mutation: Armour fits poorly on your pseudopods.
                  | [Jiyva's grace]
  1148 | D:2      | Gained mutation: Armour fits poorly on your large
                  | pseudopods. [Jiyva's grace]
  1507 | D:2      | Noticed Terence
  1547 | D:2      | Killed Terence
  1548 | D:2      | Reached XP level 3. HP: 22/23 MP: 7/7
  1552 | D:2      | Learned a level 3 spell: Spider Form
  1709 | D:2      | Killed Sigmund
  1710 | D:2      | Reached skill level 4 in Unarmed Combat
  1710 | D:2      | Reached XP level 4. HP: 27/28 MP: 8/8
  1710 | D:2      | Reached XP level 5. HP: 32/33 MP: 9/9
  2258 | D:3      | Found an ancient bone altar of Kikubaaqudgha.
  2261 | D:3      | Noticed a human
  2261 | D:3      | Noticed Jessica
  2263 | D:3      | Killed a human
  2265 | D:3      | Killed Jessica
  2472 | D:3      | Found a sparkling altar of Nemelex Xobeh.
  2627 | D:4      | Learned a level 4 spell: Ice Form
  2747 | D:4      | Reached **** piety under Jiyva
  3109 | D:4      | Reached XP level 6. HP: 33/38 MP: 12/12
  3203 | D:4      | Noticed Natasha
  3208 | D:4      | Killed Natasha
  3460 | D:5      | Entered Level 5 of the Dungeon
  3461 | D:5      | Noticed Pikel
  3485 | D:4      | Noticed Natasha
  3498 | D:4      | Killed Pikel
  3499 | D:4      | Reached skill level 5 in Spellcasting
  3499 | D:4      | Reached XP level 7. HP: 27/43 MP: 14/14
  3501 | D:4      | Killed Natasha
  3502 | D:4      | Reached skill level 5 in Unarmed Combat
  3591 | D:5      | Reached skill level 5 in Transmutations
  3602 | D:5      | Found a staircase to the Ecumenical Temple.
  3609 | Temple   | Entered the Ecumenical Temple
  3758 | D:5      | Reached XP level 8. HP: 38/48 MP: 16/16
  3758 | D:5      | Lost mutation: One of your tentacles bears a large vicious
                  | spike. [Jiyva's grace]
  3758 | D:5      | Lost mutation: You have acidic saliva. [Jiyva's grace]
  3758 | D:5      | Gained mutation: Your spells are a little harder to cast,
                  | but a little more powerful. [Jiyva's grace]
  3758 | D:5      | Gained mutation: Your spells are harder to cast, but more
                  | powerful. [Jiyva's grace]
  3758 | D:5      | Gained mutation: Your spells are much harder to cast, but
                  | much more powerful. [Jiyva's grace]
  3758 | D:5      | Gained mutation: You have hidden genetic potential.
                  | [Jiyva's grace]
  3765 | D:5      | Noticed Grinder
  3801 | D:5      | Killed Grinder
  3802 | D:5      | Reached skill level 1 in Poison Magic
  3818 | D:5      | Noticed Prince Ribbit
  3833 | D:5      | Killed Prince Ribbit
  3849 | D:5      | Found an iron altar of Okawaru.
  3862 | D:5      | Found a one-way gate to the infinite horrors of the Abyss.
  3862 | D:5      | Identified the +9 dagger of Tir Lunikh {distort, Int+2}
  3901 | D:5      | Reached ***** piety under Jiyva
  3932 | D:5      | Found a large runed translucent door.
  3932 | D:5      | Found a large runed translucent door.
  3933 | D:5      | Found a corrupted altar of Lugonu.
  4142 | D:5      | Found a runed translucent door.
  4143 | D:5      | Noticed Crazy Yiuf
  4175 | D:5      | Found Giobiss's Antique Weapon Emporium.
  4199 | D:5      | Noticed Ijyb
  4204 | D:5      | Killed Ijyb
  4491 | D:5      | Cast into level 1 of the Abyss (kobold)
  4496 | Abyss:1  | Noticed a tentacled starspawn
  4516 | Abyss:1  | Noticed an ancient zyme
  4519 | D:5      | Escaped the Abyss
  4609 | D:5      | Killed Crazy Yiuf
  4700 | D:6      | Noticed Eustachio
  4718 | D:6      | Killed Eustachio
  4719 | D:6      | Reached skill level 6 in Unarmed Combat
  4769 | D:6      | Reached XP level 9. HP: 24/53 MP: 18/18
  4798 | D:5      | Gained mutation: Your system is resistant to poisons.
                  | (rPois) [hidden potential]
  4862 | D:6      | Found a white marble altar of Elyvilon.
  5130 | D:6      | Found Tyra's Gadget Gallery.
  5342 | D:7      | Reached skill level 7 in Unarmed Combat
  5804 | D:7      | Noticed Harold
  5806 | D:7      | Found a snail-covered altar of Cheibriados.
  5819 | D:7      | Killed Harold
  6125 | D:8      | Noticed a two-headed ogre
  6125 | D:8      | Reached ****** piety under Jiyva
  6125 | D:8      | Lost mutation: Your spells are much harder to cast, but
                  | much more powerful. [Jiyva's grace]
  6125 | D:8      | Gained mutation: You expend magic power (3 MP) to
                  | strengthen your wands. [Jiyva's grace]
  6125 | D:8      | Gained mutation: One of your tentacles bears a spike.
                  | [Jiyva's grace]
  6125 | D:8      | Gained mutation: One of your tentacles bears a nasty spike.
                  | [Jiyva's grace]
  6125 | D:8      | Gained mutation: One of your tentacles bears a large
                  | vicious spike. [Jiyva's grace]
  6134 | D:8      | Killed a two-headed ogre
  6135 | D:8      | Reached skill level 8 in Unarmed Combat
  6135 | D:8      | Reached XP level 10. HP: 43/58 MP: 21/21
  6136 | D:8      | Noticed a two-headed ogre
  6146 | D:8      | Gained mutation: You are partially covered in iridescent
                  | scales. (AC +2) [hidden potential]
  6146 | D:8      | Lost mutation: You have hidden genetic potential. [hidden
                  | potential expressed]
  6156 | D:8      | Killed a two-headed ogre
  6208 | D:8      | Noticed a brown ugly thing
  6228 | D:8      | Killed a brown ugly thing
  6229 | D:8      | Reached skill level 5 in Dodging
  6237 | D:8      | Reached skill level 9 in Unarmed Combat
  6355 | D:8      | Found a flagged portal.
  6364 | Bailey   | Entered a bailey
  6634 | Bailey   | Acquired 920 gold pieces
  7007 | D:9      | Noticed Psyche
  7016 | D:9      | Killed Psyche
  7112 | D:9      | Found a staircase to the Lair.
  7296 | D:9      | Noticed Maggie
  7318 | D:9      | Killed Maggie
  7319 | D:9      | Reached XP level 11. HP: 64/64 MP: 23/23
  7535 | D:9      | Found a shimmering blue altar of Sif Muna.
  7773 | D:10     | Entered Level 10 of the Dungeon
  7779 | D:10     | Identified the ring of Jesumell {Dex+6 Slay+2}
  7791 | D:10     | Noticed a cyclops
  7928 | D:10     | Killed a cyclops
  7929 | D:10     | Reached skill level 10 in Unarmed Combat
  8112 | D:10     | Found a blossoming altar of Fedhas.
  8112 | D:10     | Lost mutation: One of your tentacles bears a large vicious
                  | spike. [Jiyva's grace]
  8112 | D:10     | Lost mutation: Your spells are harder to cast, but more
                  | powerful. [Jiyva's grace]
  8112 | D:10     | Lost mutation: You expend magic power (3 MP) to strengthen
                  | your wands. [Jiyva's grace]
  8112 | D:10     | Gained mutation: You are covered in fur. (AC +1) [Jiyva's
                  | grace]
  8112 | D:10     | Gained mutation: You are covered in thick fur. (AC +2)
                  | [Jiyva's grace]
  8112 | D:10     | Gained mutation: Your thick and shaggy fur keeps you warm.
                  | (AC +3, rC+) [Jiyva's grace]
  8112 | D:10     | Gained mutation: You have a pair of small antennae on your
                  | head. [Jiyva's grace]
  8123 | D:10     | Found a shadowy altar of Dithmenos.
  8486 | D:10     | Noticed a two-headed ogre
  8497 | D:10     | Killed a two-headed ogre
  8633 | D:11     | Noticed a boulder beetle
  8647 | D:11     | Killed a boulder beetle
  8648 | D:11     | Reached skill level 5 in Poison Magic
  9204 | D:11     | Noticed a two-headed ogre
  9213 | D:11     | Killed a two-headed ogre
  9385 | D:11     | Found a staircase to the Orcish Mines.
  9509 | D:11     | Lost mutation: You are partially covered in iridescent
                  | scales. (AC +2) [Jiyva's grace]
  9509 | D:11     | Lost mutation: Your spells are a little harder to cast, but
                  | a little more powerful. [Jiyva's grace]
  9509 | D:11     | Lost mutation: Armour fits poorly on your large pseudopods.
                  | [Jiyva's grace]
  9509 | D:11     | Gained mutation: You have a pair of antennae on your head.
                  | [Jiyva's grace]
  9509 | D:11     | Gained mutation: You have a pair of large antennae on your
                  | head. (SInv) [Jiyva's grace]
  9509 | D:11     | Gained mutation: Your melee attacks may engulf your foes in
                  | ooze. [Jiyva's grace]
  9509 | D:11     | Gained mutation: Armour fits poorly on your large
                  | pseudopods. [Jiyva's grace]
  9614 | D:12     | Noticed a death knight
  9618 | D:12     | Found a glowing silver altar of Zin.
  9618 | D:12     | Noticed an angel
  9627 | D:12     | Noticed a skeletal warrior
  9628 | D:12     | Noticed a skeletal warrior
  9633 | D:12     | Killed a death knight
  9853 | D:12     | Noticed an eight-headed hydra
  9860 | D:12     | Noticed a death knight
  9893 | D:12     | Killed an eight-headed hydra
  9915 | D:12     | Noticed a brown ugly thing
  9923 | D:12     | Killed a brown ugly thing
  9924 | D:12     | Reached skill level 11 in Unarmed Combat
  9926 | D:12     | Killed a death knight
  9944 | D:12     | Killed a skeletal warrior
  9945 | D:12     | Reached XP level 12. HP: 74/74 MP: 25/25
  9997 | D:12     | You fall into a shaft and drop 2 floors!
 10102 | D:14     | Found a gate leading to a gauntlet.
 10107 | Gauntlet | Entered a Gauntlet
 10107 | Gauntlet | Found a transporter.
 10117 | Gauntlet | Found a transporter.
 10132 | Gauntlet | Found a transporter.
 10134 | Gauntlet | Noticed a death scarab
 10135 | Gauntlet | Noticed a wretched star
 10137 | Gauntlet | Found a transporter.
 10147 | Gauntlet | Noticed a death scarab
 10156 | Gauntlet | Found a transporter.
 10171 | Gauntlet | Found a transporter.
 10182 | Gauntlet | Noticed a thrashing horror
 10183 | Gauntlet | Found a transporter.
 10195 | Gauntlet | Found a transporter.
 10214 | Gauntlet | Found a transporter.
 10220 | Gauntlet | Found a transporter.
 10235 | Gauntlet | Found a transporter.
 10252 | Gauntlet | Found a transporter.
 10271 | Gauntlet | Found a transporter.
 10308 | Gauntlet | Found a transporter.
 10310 | Gauntlet | Found a transporter.
 10406 | Gauntlet | Found a transporter.
 10408 | Gauntlet | Found a transporter.
 10505 | Gauntlet | Found a transporter.
 10515 | Gauntlet | Slain by a sixfirhy

Illustrated notes

Levels and vault maps discovered:
D:1:      nzn_arrival_settlement, layout_basic,
          shapermc_ecumenical_altar_notcrosses
D:2:      layout_rooms, serial_co_window_serial, co_window_of_opportunity_a,
          co_window_of_opportunity_a, co_window_corner_a, co_window_corner_a,
          co_window_cross_1, co_window_of_opportunity_a, co_window_paths_a,
          co_window_paths_a, co_window_paths_b, co_window_of_opportunity_b,
          co_window_2corner, co_window_unsneaky_path_c, co_window_broadway_c,
          co_window_corner_b, co_window_4corner_b, glass_columns_b,
          glass_columns_a, st_stairs_12, chequers_serial_rivers_micro_b,
          minmay_heptomino_h4, uniq_terence, uniq_sigmund
D:3:      layout_rooms, mainiacjoe_overflow_catwalk, tgw_kikubaaqudgha,
          minmay_fountain_box, uniq_jessica
D:4:      layout_loops_corners, roderic_roman_lattice, uniq_natasha
D:5:      due_chaos_kobolds, layout_loops_ring, okawaru_gym_becter,
          minmay_temple_entry_offerings, serial_shops, nicolae_stop_n_shop_2,
          uniq_ijyb, uniq_prince_ribbit1, uniq_pikel, uniq_crazy_yiuf_cottage,
          uniq_grinder
D:6:      layout_cave_pools, elyvilon_altar_5, nicolae_shop_gadgets,
          uniq_eustachio
D:7:      layout_loops_cross, lemuel_coloured_pillars_altar, uniq_harold
D:8:      layout_cave_pools, enter_bailey_2
D:9:      layout_long_grid, mainiacjoe_overflow_chevrons, lair_entry_dummy,
          hangedman_decor_points, uniq_maggie, uniq_psyche
D:10:     layout_long_grid, nicolae_dithmenos_shadow_blocks,
          lemuel_crystal_altar, kennysheep_cross_bottleneck
D:11:     layout_loops_corners, orc_0_dummy
D:12:     layout_irregular_city, serial_glass, glass_columns_b, glass_columns_b,
          zin_angel
D:14:     layout_irregular_city, hangedman_vaults_entry_quadrant_bands,
          ebering_ghost_inner_flame, gauntlet_entry_generic,
          nicolae_vehumet_altar_sigil, kennysheep_boxes
Temple:   jpeg_temple_clearing
Gauntlet: gammafunk_gauntlet_one_two_three
          [gammafunk_gauntlet_arena_split_diamond,
          gammafunk_gauntlet_arena_grid, nicolae_gauntlet_arena_blocks,
          gammafunk_gauntlet_arena_arrow_garden, nicolae_gauntlet_arena_x,
          gammafunk_gauntlet_arena_crates, gammafunk_gauntlet_arena_corners,
          gammafunk_gauntlet_arena_chambers, gammafunk_gauntlet_arena_teeth,
          nicolae_gauntlet_exit_dead_adventurers]

Skill      XL: |  1  2  3  4  5  6  7  8  9 10 11 |
---------------+----------------------------------+-----
Unarmed Combat | 4 5 6 8 9 11 | 11.4
Spellcasting   | 3 4 5 6 7 8 9 |  9.2
Transmutations | 3 4 5 6 7 8 9 |  9.0
Poison Magic   | 1 3 4 6 |  6.6
Dodging        | 3 4 5 6 |  6.5
Fighting       | 2 4 |  4.6

Action                   |  1- 3 |  4- 6 |  7- 9 | 10-12 || total
-------------------------+-------+-------+-------+-------++-------
Melee: Unarmed           |    47 |    49 |   164 |   349 ||   609
       Constrict         |    13 |     8 |     6 |     5 ||    32
       Kick              |    13 |     6 |     5 |     8 ||    32
       Tentacles         |     5 |     6 |     5 |     5 ||    21
       Bite              |     3 |     5 |     1 |       ||     9
       Pseudopods        |     2 |     4 |     5 |     7 ||    18
       Punch             |       |       |     3 |     3 ||     6
 Cast: Beastly Appendage |    15 |    16 |     7 |       ||    38
       Spider Form       |     1 |     1 |    13 |    24 ||    39
       Ice Form          |       |       |     1 |     9 ||    10
  Use: Scroll            |     1 |     2 |     9 |     3 ||    15
       Potion            |       |       |     1 |     5 ||     6
 Stab: Sleeping          |     4 |     3 |       |     2 ||     9
Armor: Skin              |     2 |     4 |    14 |    34 ||    54
Dodge: Dodged            |    27 |    34 |   163 |   432 ||   656

Table legend: (Time is in decaauts)
 A = Elapsed time spent in this place.
 B = Non-inter-level travel time spent in this place.
 C = Inter-level travel time spent in this place.
 D = Time resting spent in this place.
 E = Time spent auto-exploring this place.
 F = Levels seen in this place.
 G = Mean time per level.
                   A        B        C        D        E       F      G
               +--------+--------+--------+--------+--------+-----+--------+
         Total |  10445 |  10084 |    361 |    850 |   6781 |  17 |  614.4 |
       Dungeon |   9659 |   9315 |    344 |    850 |   6394 |  13 |  743.0 |
        Temple |     89 |     72 |     17 |      0 |     58 |   1 |   89.0 |
         Abyss |     27 |     27 |      0 |      0 |      0 |   1 |   27.0 |
        Bailey |    262 |    262 |      0 |      0 |     91 |   1 |  262.0 |
      Gauntlet |    406 |    406 |      0 |      0 |    238 |   1 |  406.0 |
               +--------+--------+--------+--------+--------+-----+--------+

Top non-repeatable levels by time:
     D:2: 1255 daAuts
     D:5: 1087 daAuts
    D:11: 1041 daAuts
     D:4: 930 daAuts
     D:1: 930 daAuts
     D:7: 861 daAuts
     D:9: 861 daAuts
    D:10: 720 daAuts
     D:8: 603 daAuts
     D:6: 524 daAuts
Gauntlet: 406 daAuts
     D:3: 401 daAuts
    D:12: 334 daAuts
  Bailey: 262 daAuts
    D:14: 106 daAuts
